 Dungeon Crawl Stone Soup version 0.31.0-11-ge490571c62 (webtiles) character file.

Game seed: 15706827636121564591

4982 Silvore the Carver (level 10, -9/77 HPs)
             Began as a Demonspawn Fighter on Feb 7, 2024.
             Was a Priest of Okawaru.
             Mangled by an orc warrior
             ... wielding a +4 war axe
              (12 damage)
             ... in a bailey.
             The game lasted 00:14:38 (7728 turns).

Silvore the Carver (Demonspawn Fighter)             Turns: 7728, Time: 00:14:39

Health: -9/77      AC: 20    Str: 28    XL:     10   Next: 29%
Magic:  0/10       EV:  9    Int:  8    God:    Okawaru [***...]
Gold:   300        SH: 16    Dex: 12    Spells: 9/9 levels left

rFire   . . .        a - +1 long sword (elec)
rCold   . . .        s - +0 tower shield
rNeg    . . .        d - +0 plate armour
rPois   .            (no helmet)
rElec   .            i - +1 cloak
rCorr   .            (no gloves)
SInv    .            (no boots)
Will    .....        m - amulet of guardian spirit Stlth
                     q - +4 ring of slaying
HPRegen 0.32/turn    f - +6 ring of strength
MPRegen 0.12/turn

%: guardian spirit
@: mighty, heroic
A: yellow scales 1, spiny 2, demonic magic 2
a: Renounce Religion, Heroism


You were in a bailey.
You worshipped Okawaru.
Okawaru was most pleased with you.
You visited 2 branches of the dungeon, and saw 9 of its levels.
You also visited: Bailey.

You collected 300 gold pieces.

Inventory:

Hand Weapons
 a - a +1 long sword of electrocution (weapon)
Armour
 b - a +0 scale mail
 c - a +0 buckler
 d - a +0 plate armour (worn)
 i - a +1 cloak (worn)
 s - a +0 tower shield (worn)
Jewellery
 f - a +6 ring of strength (right hand)
 h - a ring of poison resistance
 m - an amulet of guardian spirit (around neck)
 q - a +4 ring of slaying (left hand)
 y - an amulet of the acrobat
Talismans
 u - a serpent talisman
 v - a maw talisman
Wands
 o - a wand of paralysis (7)
 r - a wand of iceblast (8)
 t - a wand of polymorph (6)
Scrolls
 e - 3 scrolls of teleportation
 j - 2 scrolls of blinking
 z - a scroll of enchant weapon
 A - a scroll of brand weapon
Potions
 g - 4 potions of curing
 k - a potion of brilliance
 l - a potion of haste
 n - 2 potions of magic
 w - a potion of cancellation {unknown}
 x - a potion of ambrosia {unknown}
 B - a potion of mutation {unknown}
 D - a potion of resistance {unknown}


   Skills:
 + Level 6.3(11.3) Fighting
 + Level 8.7(13.7) Long Blades
 + Level 7.5(12.5) Armour
 + Level 2.5(7.5) Dodging
 + Level 1.6(6.6) Stealth
 + Level 6.6(11.6) Shields


You had 9 spell levels left.
You didn't know any spells.
Your spell library contained the following spells:

 Spells                   Type           Power      Damage    Failure   Level
 Gell's Gravitas          Tloc           0%         N/A       100%        3
 Teleport Other           Tloc           0%         N/A       100%        3
 Dispersal                Tloc           0%         N/A       100%        6


Dungeon Overview and Level Annotations

Branches:
Dungeon (8/15)             Temple (1/1) D:4          Bailey (1/1)
   Lair: D:8-11

Altars:
Cheibriados
Dithmenos
Fedhas
Gozag
Hepliaklqana
Kikubaaqudgha
Makhleb
Nemelex Xobeh
Okawaru
Ru
Sif Muna
Trog
Uskayaw
Vehumet
Wu Jian
Xom
Yredelemnul


Innate Abilities, Weirdness & Mutations

You are partially covered in yellow scales. (AC +2)
You are mostly covered in sharp spines.
Spells you cast may paralyse nearby enemies.


Message History

Lightning courses through the orc warlord!
The orc warlord is moderately wounded.
You block the orc warrior's attack.
You slice the orc warlord!!
The orc warlord is heavily wounded.
The orc warrior no longer looks unusually strong.
The orc warlord is struck by your spines.
The orc warlord closely misses you.
You slash the orc warlord!
The orc warlord is severely wounded.
You block the orc warrior's attack.
The orc warrior hits you but does no damage.
The orc warlord roars a battlecry!
The orc warrior goes into a battle-frenzy!
You completely miss the orc warlord.
The orc warlord is severely wounded.
The orc warrior no longer looks unusually strong.
The orc warrior hits you with a +4 war axe!
You block the orc warrior's attack.
The orc warlord roars a battlecry!
The orc warrior goes into a battle-frenzy!
You slash the orc warlord!
The orc warlord is severely wounded.
You block the orc warrior's attack. x2
The orc warlord is struck by your spines.
The orc warlord hits you with a +4 broad axe!!
* * * LOW HITPOINT WARNING * * *
Unknown command.
You hit the orc warlord.
The orc warlord is almost dead.
The orc warrior hits you with a +4 war axe!
* * * LOW HITPOINT WARNING * * *
The orc warrior barely misses you. You block the orc warlord's attack.
Unknown command.
You hit the orc warlord but do no damage.
The orc warlord is almost dead.
The orc warrior suddenly curses.
The orc warrior is struck by your spines.
The orc warrior hits you with a +4 war axe!
You die...

##)####...........####)##
#.....##.........##..)..##
#.......#.........#.......#
##.......##o......##.......##
#.........# ..... #.........#
##.........## .g. ##.........##
#.....⌠.....###o###.....⌠.....#
##.........##88o88##.........##
#.........#..o@o..#.........#
#.......##.......##)......##
#.......'.........).......#
##.....##.........##.....##
#######.....⌠.....#######
##.........## #.........#
##.......## #.......#


You could see an orc warlord, 3 orc warriors and a goblin.

Vanquished Creatures
  Pikel (D:3)
  Sigmund (D:1)
  A wraith (D:6)
  A wyvern (D:7)
  A human (D:6)
  Eustachio (D:5)
  A steam dragon (D:8)
  Duvessa (D:7)
  11 orc warriors
  3 ice beasts
  7 ogres
  A phantom (D:7)
  2 lemures (D:4)
  A kobold brigand (D:5)
  A scorpion (D:6)
  Dowan (D:7)
  4 killer bees (D:7)
  6 howler monkeys
  3 bombardier beetles
  2 jellies
  Crazy Yiuf (D:2)
  4 hounds
  An orc priest (D:7)
  3 iguanas
  2 sleepcaps (D:5)
  Natasha (thrice) (D:2)
  6 orc wizards
  Robin (D:2)
  6 adders
  17 gnolls
  A shadow imp (D:7)
  6 ufetubi
  4 dart slugs
  31 orcs
  5 endoplasms
  4 giant cockroaches
  30 goblins
  13 hobgoblins
  2 jackals (D:3)
  3 quokkas (D:1)
  5 ball pythons
  4 bats
  6 frilled lizards
  12 kobolds
  2 rats
222 creatures vanquished.

Notes
Turn   | Place    | Note
-------+----------+-------------------------------------------
     0 | D:1      | Silvore the Demonspawn Fighter began the quest for the Orb.
     0 | D:1      | Reached XP level 1. HP: 18/18 MP: 1/1
   142 | D:1      | Reached skill level 2 in Long Blades
   142 | D:1      | Gained mutation: You are partially covered in yellow
                  | scales. (AC +2) [demonic ancestry]
   142 | D:1      | Reached XP level 2. HP: 22/24 MP: 2/2
   419 | D:1      | Gained mutation: Spells you cast may paralyse adjacent
                  | enemies. [demonic ancestry]
   419 | D:1      | Reached XP level 3. HP: 26/29 MP: 3/3
   762 | D:2      | Noticed Robin
   762 | D:2      | Noticed Sigmund
  1028 | D:1      | Killed Sigmund
  1029 | D:1      | Reached skill level 3 in Long Blades
  1029 | D:1      | Reached skill level 1 in Dodging
  1029 | D:1      | Reached XP level 4. HP: 21/35 MP: 4/4
  1029 | D:1      | Gained mutation: You are partially covered in sharp spines.
                  | [demonic ancestry]
  1029 | D:1      | Reached XP level 5. HP: 25/41 MP: 5/5
  1100 | D:2      | Killed Robin
  1325 | D:2      | Noticed Natasha
  1332 | D:2      | Killed Natasha
  1333 | D:2      | Reached skill level 1 in Stealth
  1488 | D:2      | Found a runed translucent door.
  1489 | D:2      | Noticed Crazy Yiuf
  1499 | D:2      | Noticed Natasha
  1503 | D:2      | Killed Natasha
  1504 | D:2      | Reached XP level 6. HP: 47/47 MP: 6/6
  1550 | D:2      | Noticed Natasha
  1557 | D:2      | Killed Natasha
  1694 | D:2      | Killed Crazy Yiuf
  1695 | D:2      | Reached skill level 4 in Long Blades
  2252 | D:3      | Found a shimmering blue altar of Sif Muna.
  2396 | D:3      | Found an opulent altar of Gozag.
  2775 | D:4      | Noticed Pikel
  2829 | D:3      | Killed Pikel
  2830 | D:3      | Reached skill level 5 in Long Blades
  2830 | D:3      | Reached skill level 5 in Armour
  2830 | D:3      | Reached XP level 7. HP: 20/54 MP: 1/7
  3211 | D:3      | Gained mutation: You are mostly covered in sharp spines.
                  | [demonic ancestry]
  3211 | D:3      | Reached XP level 8. HP: 48/61 MP: 5/8
  3363 | D:4      | Found a staircase to the Ecumenical Temple.
  3381 | Temple   | Entered the Ecumenical Temple
  3402 | Temple   | Became a worshipper of Warmaster Okawaru
  3805 | D:5      | Entered Level 5 of the Dungeon
  3851 | D:5      | Reached skill level 6 in Long Blades
  4038 | D:5      | Noticed Eustachio
  4139 | D:5      | Killed Eustachio
  4219 | D:5      | Reached * piety under Okawaru
  4220 | D:5      | Reached skill level 5 in Fighting
  4968 | D:6      | Gained mutation: Spells you cast may paralyse nearby
                  | enemies. [demonic ancestry]
  4968 | D:6      | Reached XP level 9. HP: 68/68 MP: 9/9
  5001 | D:6      | Found a sparkling altar of Nemelex Xobeh.
  5209 | D:6      | Reached skill level 7 in Long Blades
  5213 | D:6      | Reached ** piety under Okawaru
  5385 | D:6      | Reached skill level 5 in Shields
  5443 | D:6      | Found a bloodstained altar of Trog.
  5533 | D:6      | Found an ornate altar of the Wu Jian Council.
  5689 | D:6      | Found a runed translucent door.
  5690 | D:6      | Found a basalt altar of Yredelemnul.
  5947 | D:7      | Noticed Dowan
  5949 | D:7      | Noticed Duvessa
  5956 | D:7      | Killed Dowan
  5964 | D:7      | Killed Duvessa
  5965 | D:7      | Reached skill level 8 in Long Blades
  7165 | D:8      | Found a hazy altar of Hepliaklqana.
  7263 | D:8      | Found a flagged portal.
  7283 | D:8      | Reached XP level 10. HP: 69/76 MP: 8/10
  7286 | Bailey   | Entered a bailey
  7340 | Bailey   | Reached *** piety under Okawaru
  7706 | Bailey   | Noticed an orc warlord
  7727 | Bailey   | HP: 3/77 [orc warrior/+4 war axe (13)]
  7728 | Bailey   | Mangled by an orc warrior

Illustrated notes

Levels and vault maps discovered:
D:1:      heliophobic_arrival_glass_houses, layout_basic
D:2:      layout_rooms, basic_altar, uniq_natasha, uniq_crazy_yiuf_cottage,
          uniq_sigmund, uniq_robin
D:3:      layout_loops_cross, mainiacjoe_overflow_boulevard,
          lemuel_crystal_altar, chequers_serial_rivers_large_a
D:4:      layout_cave_pools, zin_academy, minmay_temple_entry_statues_fountains,
          uniq_pikel
D:5:      layout_basic, uniq_eustachio
D:6:      layout_loops_ring, dk_yredelemnul_ordeal, lemuel_tele_altar,
          mainiacjoe_overflow_cross_hatched, nemelex_dance_club_becter
D:7:      nicolae_cairo_tiling_very_big, layout_basic, uniq_duvessa
D:8:      layout_basic, nzn_hepliaklqana_mist_gate, enter_bailey_4
Temple:   nicolae_temple_godzebo
Bailey:   bailey_axe_minmay_hex_keep, bailey

Skill      XL: |  1  2  3  4  5  6  7  8  9 10 |
---------------+-------------------------------+-----
Long Blades    | 2 3 5 6 8 |  8.7
Armour         | 3 5 6 7 |  7.5
Dodging        | 1 2 |  2.5
Shields        | 3 4 5 6 |  6.6
Stealth        | 1 |  1.6
Fighting       | 4 5 6 |  6.3

Action                     |  1- 3 |  4- 6 |  7- 9 | 10-12 || total
---------------------------+-------+-------+-------+-------++-------
  Melee: Long sword        |   106 |    86 |   293 |   118 ||   603
 Invoke: Heroism           |       |       |       |     1 ||     1
    Use: Scroll            |     5 |     2 |     8 |     2 ||    17
         Potion            |     2 |     1 |       |     1 ||     4
 Armour: Scale mail        |   110 |    76 |    70 |       ||   256
         Plate armour      |       |       |   156 |    63 ||   219
  Dodge: Dodged            |    45 |    59 |    94 |    15 ||   213
  Block: Buckler           |    37 |    22 |    41 |       ||   100
         Tower shield      |       |       |   136 |   115 ||   251
